 Dungeon Crawl Stone Soup version 0.29.1-14-g9c671dbff4 (webtiles) character file.

Game seed: 4359658189691393502

51 Heoruswealwe the Conjurer (level 3, -4/19 HPs)
             Began as a Deep Elf Conjurer on Feb 16, 2023.
             Slain by a small abomination (16 damage)
             ... created by the touch of Lugonu
             ... on level 2 of the Dungeon.
             The game lasted 00:16:03 (1266 turns).

Heoruswealwe the Conjurer (Deep Elf Conjurer)       Turns: 1266, Time: 00:16:03

Health: -4/19      AC:  5    Str:  4    XL:     3   Next: 58%
Magic:  7/10       EV: 12    Int: 24    God:
Gold:   80         SH:  0    Dex: 13    Spells: 7/10 levels left

rFire   x . .      SeeInvis .   k - +0 dagger
rCold   + . .      Faith    .   (no shield)
rNeg    + . .      Spirit   .   c - +0 robe
rPois   .          Reflect  .   (no helmet)
rElec   .          Harm     .   G - +2 cloak
rCorr   .          Rampage  .   (no gloves)
Will    .....                   (no boots)
Stlth   ++........              (no amulet)
HPRegen 0.06/turn               f - ring of ice
MPRegen 0.12/turn               D - ring of positive energy

@: slowed, very slow
A: no striking features
a: no special abilities


You were on level 2 of the Dungeon.
You visited 1 branch of the dungeon, and saw 2 of its levels.

You collected 80 gold pieces.

Inventory:

Hand Weapons
 h - a +0 club
 k - a +0 dagger (weapon)
 l - a +0 whip
 m - a +0 dagger
 s - a +0 short sword
 t - a +0 flail
 u - a +0 short sword
 v - a +0 club
 w - a +0 club
 y - a +0 club
 A - a +0 club
 C - a +0 club
 H - a +0 short sword
 I - a +0 whip
 J - a +0 dagger
 L - a +0 sling
Missiles
 g - 26 stones
 i - 4 poisoned darts
 p - 4 boomerangs of dispersal
Armour
 a - a +0 robe
 c - a +0 robe (worn)
 d - a +0 robe
 j - a +0 ring mail
 x - an orb of mayhem
 G - a +2 cloak (worn)
Jewellery
 f - a ring of ice (left hand)
 D - a ring of positive energy (right hand)
Scrolls
 e - a scroll of identify {unknown}
 n - a scroll of poison {unknown}
 r - a scroll of amnesia {unknown}
 K - a scroll of teleportation {unknown}
Potions
 b - a potion of magic
 o - a potion of experience {unknown}
 q - a potion of degeneration {unknown}
 z - a potion of brilliance {unknown}
 B - a potion of haste {unknown}
 E - 2 potions of resistance {unknown}
 F - a potion of curing {unknown}


   Skills:
 - Level 2.4 Dodging
 - Level 2.4 Stealth
 + Level 4.4 Spellcasting
 + Level 5.2 Conjurations


You had 7 spell levels left.
You knew the following spells:

 Your Spells              Type           Power      Damage    Failure   Level
a - Magic Dart            Conj           100%       1d8       1%          1
b - Searing Ray           Conj           60%        2d6       1%          2

Your spell library contained the following spells:

 Spells                   Type           Power      Damage    Failure   Level
 Dazzling Flash           Conj/Hex       34%        N/A       10%         3
 Fulminant Prism          Conj/Hex       8%         3d7       32%         4
 Iskenderun's Mystic Bla  Conj/Tloc      17%        2d5       32%         4


Dungeon Overview and Level Annotations

Branches:
Dungeon (2/15)

Altars:
Lugonu


Message History

Found a sling and 5 stones.
Found a stone staircase leading down.
Found a scroll labelled LIDIZI ANOD.
Found a smoky purple potion.
You see here a +0 dagger.
J - a +0 dagger
g - 26 stones (gained 5)
E - 2 smoky purple potions (gained 1)
K - a scroll labelled LIDIZI ANOD You see here a +0 sling.
L - a +0 sling
Found 12 gold pieces.
You now have 69 gold pieces (gained 12).
A rat comes into view.
You miscast Magic Dart.
You are very lightly contaminated with residual magic.
Nothing appears to happen.
The magic dart hits the rat!
You kill the rat!
Your magical contamination has completely faded away.
You see here a rat corpse.
Found 11 gold pieces.
You now have 80 gold pieces (gained 11).
Lugonu's wrath scatters you! Lugonu sends minions to punish you.
The divine experience drains your vigour!
You feel yourself slow down. 2 small abominations come into view.
Casting: Magic Dart (safe; 1% risk of failure)
Confirm with . or Enter, or press ? or * to list all spells.
Aiming: Searing Ray (safe; 1% risk of failure)
Press: ? - help, Shift-Dir - straight line, f - small abomination
Aim: a small abomination (durably summoned, 85% to hit)
The searing ray hits the small abomination.
The small abomination is lightly damaged. (Press . to maintain the ray.)
The small abomination hits you!
The searing ray hits the small abomination but does no damage.
The small abomination is lightly damaged.
The small abomination hits you!
Ouch! That really hurt!
You die...

#....... #..#
#...... #..# #.....
#..# #.... #..# #...
#..# #.. #..# #.#
#..###.# ##x@#...##.
#..x..####.# ##
#....#####.######...
#...............#..#
#..................#
#..................#
#.......†..........#
#............†....##
##................##


You could see 2 small abominations.

Vanquished Creatures
  2 adders (D:2)
  4 endoplasms (D:1)
  2 giant cockroaches (D:1)
  3 hobgoblins
  2 jackals (D:1)
  5 kobolds
  4 ball pythons
  2 bats
  2 frilled lizards (D:1)
  4 goblins
  2 rats
32 creatures vanquished.

Vanquished Creatures (others)
  2 demonic plants (D:1)
2 creatures vanquished.

Grand Total: 34 creatures vanquished

Notes
Turn   | Place    | Note
-------+----------+-------------------------------------------
     0 | D:1      | Heoruswealwe the Deep Elf Conjurer began the quest for the
                  | Orb.
     0 | D:1      | Reached XP level 1. HP: 10/10 MP: 6/6
   214 | D:1      | Reached XP level 2. HP: 15/15 MP: 2/8
   380 | D:1      | Learned a level 2 spell: Searing Ray
   668 | D:1      | Found a faded altar of an unknown god.
   678 | D:1      | Prayed at the altar of an unknown god.
   678 | D:1      | Became a worshipper of Lugonu the Unformed
   678 | D:1      | Reached * piety under Lugonu
   678 | D:1      | Reached ** piety under Lugonu
   680 | D:1      | Fell from the grace of Lugonu
   952 | D:2      | Reached skill level 5 in Conjurations
   952 | D:2      | Reached XP level 3. HP: 19/19 MP: 8/10
  1264 | D:2      | Noticed a small abomination
  1266 | D:2      | Slain by a small abomination

Illustrated notes

Levels and vault maps discovered:
D:1:      lightli_arrival_maybe_door_vault, layout_basic,
          dreamdust_ecumenical_altar_sealed_demon
D:2:      layout_rooms, uniq_robin

Skill      XL: |  1  2 |
---------------+-------+-----
Spellcasting   | 4 |  4.4
Conjurations   | 5 |  5.2
Dodging        | |  2.4
Stealth        | |  2.4

Action                   || total
-------------------------++-------
Melee: Dagger            ||    16
 Cast: Magic Dart        ||    53
       Searing Ray       ||     1
Invok: Renounce Religion ||     1
Armor: Robe              ||     1
Dodge: Dodged            ||     5
